 Dungeon Crawl Stone Soup version 0.30-a0-272-gf98c3da03f (webtiles) character file.

Game seed: 3843670732842158884

98 gruber the Chiller (level 4, -1/32 HPs)
             Began as a Gnoll Ice Elementalist on Oct 15, 2022.
             Killed from afar by an orc wizard (3 damage)
             ... with a puff of flame
             ... on level 3 of the Dungeon.
             The game lasted 00:02:09 (1754 turns).

gruber the Chiller (Gnoll Ice Elementalist)         Turns: 1754, Time: 00:02:10

Health: -1/32      AC:  2    Str:  5 (7)  XL:     4   Next: 69%
Magic:  7/11       EV: 13    Int: 14 (17) God:
Gold:   129        SH:  0    Dex: 11 (12) Spells: 6/13 levels left

rFire   + . .      SeeInvis .    c - +0 short sword
rCold   + . .      Faith    .    n - orb {light}
rNeg    . . .      Spirit   .    a - +0 robe
rPois   +          Reflect  .    (no helmet)
rElec   +          Harm     .    (no cloak)
rCorr   +          Rampage  .    (no gloves)
Will    .....                    (no boots)
Stlth   +.........               (no amulet)
HPRegen 0.25/turn                (no ring)
MPRegen 0.12/turn                (no ring)

@: lethally poisoned (-1 -> -4), resistant, freezing walls, hasted, glowing,
very quick
A: fangs 1, strong nose, distributed training
a: no special abilities


You were on level 3 of the Dungeon.
You visited 1 branch of the dungeon, and saw 3 of its levels.

You collected 129 gold pieces.

Inventory:

Hand Weapons
 c - a +0 short sword (weapon)
Armour
 a - a +0 robe (worn)
 n - an orb of light (worn)
Jewellery
 o - a ring of flight
Scrolls
 e - 2 scrolls of identify {unknown}
 g - a scroll of silence {unknown}
 j - a scroll of enchant weapon {unknown}
 l - a scroll of noise {unknown}
 p - a scroll of vulnerability {unknown}
Potions
 b - a potion of magic
 d - a potion of resistance
 f - a potion of lignification {unknown}
 h - a potion of flight {unknown}
 i - a potion of degeneration
 k - a potion of haste
 m - a potion of curing {unknown}


   Skills:
 + Level 1.2 Fighting
 + Level 1.2 Short Blades
 + Level 1.2 Long Blades
 + Level 1.2 Axes
 + Level 1.2 Maces & Flails
 + Level 1.2 Polearms
 + Level 1.2 Staves
 + Level 1.2 Ranged Weapons
 + Level 1.2 Throwing
 + Level 1.2 Armour
 + Level 4.7 Dodging
 + Level 4.3 Stealth
 + Level 1.2 Shields
 + Level 1.2 Unarmed Combat
 + Level 5.1 Spellcasting
 + Level 1.0 Conjurations
 + Level 1.0 Hexes
 + Level 1.0 Summonings
 + Level 1.0 Necromancy
 + Level 1.0 Translocations
 + Level 1.0 Transmutations
 + Level 1.0 Fire Magic
 + Level 7.1 Ice Magic
 + Level 1.0 Air Magic
 + Level 1.0 Earth Magic
 + Level 1.0 Poison Magic
 + Level 1.4 Invocations
 + Level 1.2 Evocations


You had 6 spell levels left.
You knew the following spells:

 Your Spells              Type           Power      Damage    Failure   Level
a - Freeze                Ice            92%        1d9       1%          1
b - Frozen Ramparts       Ice            46%        1d7       2%          3
c - Ozocubu's Armour      Ice            23%        N/A       2%          3

Your spell library contained the following spells:

 Spells                   Type           Power      Damage    Failure   Level
 Shock                    Conj/Air       24%        1d4       11%         1
 Gell's Gravitas          Tloc           6%         N/A       32%         3
 Swiftness                Air            6%         N/A       32%         3
 Teleport Other           Tloc           6%         N/A       32%         3
 Summon Ice Beast         Ice/Summ       15%        N/A       32%         4
 Airstrike                Air            3%         2d(1-17)  73%         4
 Dispersal                Tloc           3%         N/A       100%        6


Dungeon Overview and Level Annotations

Branches:
Dungeon (3/15)

Altars:


Innate Abilities, Weirdness & Mutations

You have very sharp teeth.
Your uncanny sense of smell can sniff out nearby items.
Your experience applies equally to all skills.


Message History

The walls around you are covered in ice.
You feel very sick.
The wall freezes the orc.
The orc barely misses you.
The wall freezes the orc. x2
An orc wizard comes into view. It is wielding a +0 dagger.
Unknown command.
Unknown command.
* * * LOW HITPOINT WARNING * * *
You feel sick.
The wall freezes the orc.
The orc misses you.
The wall freezes the orc.
You kill the orc!
The wall freezes the orc!
You kill the orc!
Casting: Frozen Ramparts (dangerous; 2% risk of failure)
Confirm with . or Enter, or press ? or * to list all spells.
Aiming: Freeze (safe; 1% risk of failure)
Press: ? - help, Shift-Dir - straight line, f - orc
Aim: an orc, wielding a +0 dagger (heavily wounded, haloed)
You freeze the orc.
The orc is severely wounded.
* * * LOW HITPOINT WARNING * * *
You feel very sick.
The wall freezes the orc!
You kill the orc!
Unknown command.
It was a potion of resistance.
You feel protected.
* * * LOW HITPOINT WARNING * * *
You feel sick.
Unknown command.
It was a potion of degeneration.
There was something very wrong with that liquid.
You feel weakened.
You feel dopey.
You feel clumsy.
* * * LOW HITPOINT WARNING * * *
You feel sick.
It was a potion of haste.
You feel yourself speed up.
* * * LOW HITPOINT WARNING * * *
You feel sick.
The orc wizard gestures at you while chanting.
The puff of flame hits you. You resist.
You die...

#. #.# #.#.### #
#.# ∆ ..#....
#.#######...#
#...........#
#######..####
#...## ##.###
#..# #@## .
.#####)####....
.$.....)).......
##.....o........
+...>..........
#..........####
#..........#
#..........#
#..........#


You could see an orc wizard.

Vanquished Creatures
  A gnoll (D:2)
  3 adders (D:2)
  A dart slug (D:1)
  4 orcs (D:3)
  2 ball pythons
  4 endoplasms (D:1)
  3 giant cockroaches
  5 goblins
  A hobgoblin (D:2)
  6 kobolds
  3 quokkas
  9 bats
  3 frilled lizards
  10 rats
55 creatures vanquished.

Notes
Turn   | Place    | Note
-------+----------+-------------------------------------------
     0 | D:1      | gruber the Gnoll Ice Elementalist began the quest for the
                  | Orb.
     0 | D:1      | Reached XP level 1. HP: 13/13 MP: 6/6
    60 | D:1      | Reached XP level 2. HP: 17/19 MP: 2/7
   456 | D:1      | Reached skill level 5 in Spellcasting
   456 | D:1      | Reached XP level 3. HP: 25/25 MP: 7/9
   460 | D:1      | Learned a level 3 spell: Frozen Ramparts
   727 | D:2      | Reached skill level 1 in Invocations
   906 | D:2      | Reached skill level 1 in Fighting
   906 | D:2      | Reached skill level 1 in Short Blades
   906 | D:2      | Reached skill level 1 in Long Blades
   906 | D:2      | Reached skill level 1 in Axes
   906 | D:2      | Reached skill level 1 in Maces & Flails
   906 | D:2      | Reached skill level 1 in Polearms
   906 | D:2      | Reached skill level 1 in Staves
   906 | D:2      | Reached skill level 1 in Ranged Weapons
   906 | D:2      | Reached skill level 1 in Throwing
   906 | D:2      | Reached skill level 1 in Armour
   906 | D:2      | Reached skill level 1 in Shields
   906 | D:2      | Reached skill level 1 in Unarmed Combat
   906 | D:2      | Reached skill level 1 in Evocations
  1051 | D:2      | Reached XP level 4. HP: 12/32 MP: 8/11
  1411 | D:2      | Reached skill level 1 in Conjurations
  1411 | D:2      | Reached skill level 1 in Hexes
  1411 | D:2      | Reached skill level 1 in Summonings
  1411 | D:2      | Reached skill level 1 in Necromancy
  1411 | D:2      | Reached skill level 1 in Translocations
  1411 | D:2      | Reached skill level 1 in Transmutations
  1411 | D:2      | Reached skill level 1 in Fire Magic
  1411 | D:2      | Reached skill level 1 in Air Magic
  1411 | D:2      | Reached skill level 1 in Earth Magic
  1411 | D:2      | Reached skill level 1 in Poison Magic
  1416 | D:2      | Learned a level 3 spell: Ozocubu's Armour
  1686 | D:3      | Found a faded altar of an unknown god.
  1686 | D:3      | Noticed a floating eye
  1691 | D:3      | Noticed a golden eye
  1695 | D:3      | Noticed a shining eye
  1695 | D:3      | Noticed a great orb of eyes
  1754 | D:3      | Killed from afar by an orc wizard

Illustrated notes

Levels and vault maps discovered:
D:1:      roderic_crop_circles_arrival_small, layout_basic, minivault_27,
          minmay_hedge_maze
D:2:      layout_loops_ring, minmay_tall_x
D:3:      layout_basic, nicolae_yredelemnul_ghost_church,
          hellmonk_ecumenical_altar_watching_god, lemuel_flame_loot_1,
          uniq_crazy_yiuf_cottage

Skill      XL: |  1  2  3  4 |
---------------+-------------+-----
Spellcasting   | 5 |  5.1
Invocations    | 1 |  1.4
Fighting       | 1 |  1.2
Short Blades   | 1 |  1.2
Long Blades    | 1 |  1.2
Axes           | 1 |  1.2
Maces & Flails | 1 |  1.2
Polearms       | 1 |  1.2
Staves         | 1 |  1.2
Ranged Weapons | 1 |  1.2
Throwing       | 1 |  1.2
Armour         | 1 |  1.2
Shields        | 1 |  1.2
Unarmed Combat | 1 |  1.2
Evocations     | 1 |  1.2
Conjurations   | 1 |  1.0
Hexes          | 1 |  1.0
Summonings     | 1 |  1.0
Necromancy     | 1 |  1.0
Translocations | 1 |  1.0
Transmutations | 1 |  1.0
Fire Magic     | 1 |  1.0
Air Magic      | 1 |  1.0
Earth Magic    | 1 |  1.0
Poison Magic   | 1 |  1.0
Dodging        | |  4.7
Stealth        | |  4.3
Ice Magic      | |  7.1

Action                   |  1- 3 |  4- 6 || total
-------------------------+-------+-------++-------
Melee: Unarmed           |     3 |       ||     3
       Short sword       |   108 |    18 ||   126
       Bite              |     8 |     3 ||    11
       Punch             |     1 |     1 ||     2
 Cast: Freeze            |    19 |     3 ||    22
       Frozen Ramparts   |     2 |     3 ||     5
  Use: Potion            |       |     3 ||     3
 Stab: Sleeping          |     8 |       ||     8
Armor: Robe              |    36 |     4 ||    40
Dodge: Dodged            |   108 |    19 ||   127

Table legend: (Time is in decaauts)
 A = Elapsed time spent in this place.
 B = Non-inter-level travel time spent in this place.
 C = Inter-level travel time spent in this place.
 D = Time resting spent in this place.
 E = Time spent auto-exploring this place.
 F = Levels seen in this place.
 G = Mean time per level.
                   A        B        C        D        E       F      G
               +--------+--------+--------+--------+--------+-----+--------+
         Total |   1748 |   1698 |     50 |      0 |   1317 |   3 |  582.7 |
       Dungeon |   1748 |   1698 |     50 |      0 |   1317 |   3 |  582.7 |
               +--------+--------+--------+--------+--------+-----+--------+

Top non-repeatable levels by time:
     D:2: 883 daAuts
     D:1: 712 daAuts
     D:3: 153 daAuts
